 Dungeon Crawl Stone Soup version 0.18.1-48-g4cf74bf (webtiles) character file.

4601 Alarkh the Archer (level 10, -5/70 HPs)
             Began as a Mummy Hunter on Sept 5, 2016.
             Was a Priest of Okawaru.
             Slain by a wolf spider simulacrum (7 damage)
             ... in an ice cave.
             The game lasted 00:19:01 (7717 turns).

Alarkh the Archer (Mummy Hunter)                    Turns: 7717, Time: 00:19:02

Health: -5/70      AC: 11    Str: 16    XL:     10   Next: 19%
Magic:  8/10       EV: 21    Int: 13    God:    Okawaru [***...]
Gold:   235        SH:  0    Dex: 13    Spells: 0 memorised, 9 levels left

rFire  x . .     SeeInvis .     a - +1 shortbow
rCold  + + .     Gourm    .     k - +2 animal skin
rNeg   + + +     Faith    .     (shield currently unavailable)
rPois  ∞         Spirit   .     l - +0 helmet
rElec  .         Dismiss  .     x - +2 cloak {MR+}
rCorr  .         Reflect  .     g - +0 pair of gloves
SustAt .         Harm     .     h - +0 pair of boots
MR     ++...                    n - amulet of regeneration
Stlth  +++.......               q - +5 ring of evasion
                                r - ring of protection from cold

@: about to teleport, heroism, very resistant to hostile enchantments, fairly
stealthy
A: no food or potions, fire vulnerability, cold resistance 1, negative energy
resistance 3, torment resistance, unbreathing
a: Heroism, Renounce Religion


You were in an ice cave.
You worshipped Okawaru.
Okawaru was most pleased with you.
You were not hungry.

You visited 2 branches of the dungeon, and saw 12 of its levels.
You also visited: Sewer and Ice Cave.

You collected 625 gold pieces.
You spent 390 gold pieces at shops.

Inventory:

Hand Weapons
 a - a +1 shortbow (weapon)
 b - a +2 spear of venom
 i - a +0 short sword
 j - a +1 dagger of venom
 y - a +4 quarterstaff of chaos
Missiles
 d - 145 arrows (quivered)
Armour
 c - a +0 leather armour
 g - a +0 pair of gloves (worn)
 h - a +0 pair of boots (worn)
 k - a +2 animal skin (worn)
 l - a +0 helmet (worn)
 x - a +2 cloak of magic resistance (worn)
Jewellery
 m - a +5 ring of strength
 n - an amulet of regeneration (around neck)
 q - a +5 ring of evasion (right hand)
 r - a ring of protection from cold (left hand)
 u - an uncursed ring of protection from magic
Wands
 s - a wand of disintegration (5/24)
 v - a wand of flame (20/48)
 w - a wand of random effects (18/48)
 A - a wand of hasting (6/9)
 C - a wand of iceblast (6/15)
Scrolls
 e - 2 scrolls of identify
 o - 5 scrolls of remove curse
 p - 3 scrolls of recharging
 t - a scroll of magic mapping
 z - 2 scrolls of teleportation
 B - 3 scrolls of amnesia


   Skills:
 + Level 3.3(8.3) Fighting
 * Level 12.1(17.1) Bows
 + Level 1.8(6.8) Armour
 + Level 2.7(7.7) Dodging
 - Level 0.7(5.7) Stealth


You had 9 spell levels left.
You didn't know any spells.

Dungeon Overview and Level Annotations

Branches:
Dungeon (11/15)            Temple (1/1) D:7             Orc (0/2) D:9
   Lair: D:8-11

Altars:
Ashenzari
Cheibriados
Dithmenos
Elyvilon
Fedhas
Gozag
Kikubaaqudgha
Makhleb
Nemelex Xobeh
Okawaru
Pakellas
Qazlal
Ru
Sif Muna
Trog
Vehumet
Xom
Yredelemnul
Zin
The Shining One

Shops:
D:7 *   D:8 }

Annotations:
D:1 1 exclusion


Innate Abilities, Weirdness & Mutations

You do not eat or drink.
Your flesh is vulnerable to fire.
You are immune to poison.
Your flesh is cold resistant.
You are immune to negative energy.
You are immune to unholy pain and torment.
You can survive without breathing.


Message History

The wolf simulacrum completely misses you.
Unknown command.
Read which item? (? for menu, Esc to quit)
As you read the scroll of teleportation, it crumbles to dust.
You feel strangely unstable. The wolf simulacrum barely misses you.
The wolf spider simulacrum hits you.
* * * LOW HITPOINT WARNING * * *
The wolf spider simulacrum freezes you. You resist.
* * * LOW HITPOINT WARNING * * *
The wolf spider simulacrum bites you but does no damage.
The wolf simulacrum misses you. The wolf simulacrum barely misses you.
The wolf simulacrum bites you.
* * * LOW HITPOINT WARNING * * *
The wolf simulacrum freezes you. You resist.
* * * LOW HITPOINT WARNING * * *
The wolf spider simulacrum closely misses you.
The wolf spider simulacrum bites you.
* * * LOW HITPOINT WARNING * * *
The wolf spider simulacrum freezes you! You resist.
You die...

#...#
...##
#...#
##...##
##.....##
#.(.(...#
#...(Z..#
##..ZZZ##
##.@.##
#####


You could see 2 wolf simulacra, a death yak simulacrum and a wolf spider
simulacrum.

Vanquished Creatures
  Erolcha (D:11)
  Pikel (D:6)
  The ghost of HEYYEYAAE the Chiller, a novice DrIE (D:5)
  A deep elf mage (D:8)
  The ghost of appiemonkey the Grave Robber, a novice DDNe of Makhleb (D:6)
  A shadow (D:11)
  Purgy (Sewer)
  An orc warrior (D:9)
  A slave (D:6)
  2 phantoms
  An ice beast (D:4)
  2 ogres
  The ghost of sdOOK the Conjurer, an amateur HECj of Vehumet (D:3)
  A big kobold (D:7)
  4 scorpions
  6 howler monkeys
  A crimson imp (D:8)
  A centaur zombie (D:7)
  3 hounds
  Crazy Yiuf (D:5)
  A centaur skeleton (D:5)
  An orc priest (D:6)
  Natasha (D:2)
  7 iguanas
  5 orc wizards
  8 worker ants
  A killer bee zombie (D:9)
  A hound zombie (D:5)
  2 hound skeletons
  Robin (D:2)
  2 gnolls
  8 adders
  A shadow imp (D:9)
  An adder zombie (D:5)
  5 worms
  8 giant geckos
  23 orcs
  6 bats
  4 giant cockroaches
  14 goblins
  10 hobgoblins
  15 jackals
  3 quokkas
  3 ball pythons
  7 giant newts
  A jackal zombie (D:5)
  13 kobolds
  8 rats
192 creatures vanquished.

Vanquished Creatures (others)
  2 slaves
  An ice beast (D:5)
  A hobgoblin (D:1)
4 creatures vanquished.

Grand Total: 196 creatures vanquished

Notes
Turn   | Place    | Note
--------------------------------------------------------------
     0 | D:1      | Alarkh the Mummy Hunter began the quest for the Orb.
     0 | D:1      | Reached XP level 1. HP: 16/16 MP: 1/1
   150 | D:1      | Reached XP level 2. HP: 22/22 MP: 2/2
   568 | D:1      | Reached skill level 4 in Bows
   569 | D:1      | Reached XP level 3. HP: 14/27 MP: 3/3
  1043 | D:2      | Noticed Robin
  1170 | D:2      | Killed Robin
  1193 | D:2      | Reached XP level 4. HP: 28/33 MP: 4/4
  1442 | D:2      | Found a sparkling altar of Nemelex Xobeh.
  1582 | D:2      | Reached skill level 5 in Bows
  1789 | D:2      | Noticed Natasha
  1794 | D:2      | Killed Natasha
  1794 | D:2      | Reached XP level 5. HP: 38/38 MP: 5/5
  1948 | D:3      | Noticed sdOOK's ghost (amateur HECj)
  1967 | D:3      | Killed sdOOK's ghost
  2247 | D:3      | Reached skill level 6 in Bows
  2377 | D:3      | Reached XP level 6. HP: 44/44 MP: 6/6
  2391 | D:3      | Found a glowing drain.
  2411 | Sewer    | Entered a sewer
  2455 | Sewer    | Noticed Purgy
  2470 | Sewer    | Killed Purgy
  2826 | D:3      | Found a burning altar of Makhleb.
  3059 | D:4      | Reached skill level 7 in Bows
  3059 | D:4      | Reached XP level 7. HP: 32/50 MP: 7/7
  3343 | D:5      | Entered Level 5 of the Dungeon
  3416 | D:5      | Noticed Pikel
  3430 | D:5      | Noticed HEYYEYAAE's ghost (novice DrIE)
  3553 | D:6      | Noticed appiemonkey's ghost (novice DDNe)
  3599 | D:6      | Killed Pikel
  3599 | D:6      | Reached skill level 8 in Bows
  3599 | D:6      | Reached XP level 8. HP: 29/56 MP: 8/8
  3657 | D:6      | Killed appiemonkey's ghost
  3657 | D:6      | Reached skill level 9 in Bows
  3945 | D:6      | Found a burning altar of Makhleb.
  4233 | D:6      | Found an oddly glowing altar of Pakellas.
  4234 | D:6      | Noticed a rakshasa
  4576 | D:5      | Found a shattered altar of Ashenzari.
  4883 | D:5      | Found a shimmering altar of Xom.
  4897 | D:5      | Found an iron altar of Okawaru.
  4969 | D:5      | Became a worshipper of Warmaster Okawaru
  5024 | D:4      | Reached skill level 10 in Bows
  5109 | D:5      | Found a snail-covered altar of Cheibriados.
  5137 | D:5      | Noticed Crazy Yiuf
  5149 | D:5      | Killed Crazy Yiuf
  5359 | D:5      | Killed HEYYEYAAE's ghost
  5359 | D:5      | Reached * piety under Okawaru
  5359 | D:5      | Reached XP level 9. HP: 46/61 MP: 9/9
  5568 | D:7      | Found Epegu's General Store.
  5700 | D:7      | Found a radiant altar of Vehumet.
  5721 | D:7      | Found a glowing golden altar of the Shining One.
  5782 | D:7      | Reached skill level 11 in Bows
  5834 | D:7      | Found a staircase to the Ecumenical Temple.
  5843 | Temple   | Entered the Ecumenical Temple
  6389 | D:8      | Found Koasa's Gadget Boutique.
  6396 | D:8      | Bought a wand of hasting (1/9) for 390 gold pieces
  6406 | D:8      | Found an ancient bone altar of Kikubaaqudgha.
  6406 | D:8      | Noticed a deep elf mage
  6414 | D:8      | Killed a deep elf mage
  6414 | D:8      | Reached ** piety under Okawaru
  6963 | D:9      | Found a staircase to the Orcish Mines.
  7085 | D:9      | Reached skill level 1 in Armour
  7307 | D:10     | Entered Level 10 of the Dungeon
  7460 | D:11     | Reached *** piety under Okawaru
  7486 | D:11     | Noticed Erolcha
  7498 | D:11     | Received a gift from Okawaru
  7498 | D:11     | Reached skill level 12 in Bows
  7498 | D:11     | Reached XP level 10. HP: 55/69 MP: 10/10
  7622 | D:11     | Killed Erolcha
  7697 | D:11     | Found a frozen archway.
  7706 | IceCv    | Entered an ice cave
  7717 | IceCv    | HP: 3/70 [wolf simulacrum (3)]
  7717 | IceCv    | Slain by a wolf spider simulacrum

Skill      XL: |  1  2  3  4  5  6  7  8  9 10 |
---------------+-------------------------------+-----
Bows           | 4 5 6 7 8 10 12 | 12.1
Armour         | 1 |  1.8
Dodging        | 2 |  2.7
Fighting       | 3 |  3.3
Stealth        | |  0.7

Action                   |  1- 3 |  4- 6 |  7- 9 | 10-12 || total
-------------------------+-------+-------+-------+-------++-------
Melee: Short sword       |    55 |       |       |       ||    55
       Dagger            |    19 |     6 |       |       ||    25
       Spear             |       |   241 |   333 |    13 ||   587
 Fire: Shortbow          |    49 |    36 |   251 |     6 ||   342
Invok: Heroism           |       |       |       |     2 ||     2
  Use: Scroll            |       |     7 |    11 |     4 ||    22
 Stab: Sleeping          |       |     7 |     3 |       ||    10
       Distracted        |       |     1 |       |       ||     1
Armor: Leather armour    |    20 |       |       |       ||    20
       Animal skin       |       |    98 |   118 |     6 ||   222
Dodge: Dodged            |    54 |   233 |   366 |    15 ||   668
